 Dungeon Crawl Stone Soup version 0.24.0-35-gdb84b6a5db (webtiles) character file.

Game seed: 13457323463314690124, levelgen mode: deterministic

175622 FessEmpty the Unseen (level 17, 0/87 HPs)
             Began as a Spriggan Enchanter on Nov 16, 2019.
             Was the Champion of Dithmenos.
             Killed from afar by a deep elf high priest (37 damage)
             ... with damnation
             ... on level 1 of the Elven Halls on Nov 17, 2019.
             The game lasted 04:06:41 (38120 turns).

FessEmpty the Unseen (Spriggan Enchanter)          Turns: 38120, Time: 04:06:41

Health: 0/87       AC:  8    Str:  6 (8)  XL:     17   Next: 48%
Magic:  40/43      EV: 34    Int: 23      God:    Dithmenos [******]
Gold:   1750       SH: 13    Dex: 17 (20) Spells: 4/40 levels left

rFire    + . .     SeeInvis +   b - +5 dagger (elec)
rCold    + . .     Gourm    .   a - +2 buckler
rNeg     . . .     Faith    .   G - +1 robe "Xoekoic" {rC+ Regen+ Int+3} (curse)
rPois    +         Spirit   .   n - +1 hat
rElec    +         Reflect  +   L - +3 cloak of Negligence {rElec Str+4}
rCorr    .         Harm     .   (gloves unavailable)
MR       ++...                  (boots unavailable)
Stlth    ++++++++++             A - +3 amulet of reflection
HPRegen  0.64/turn              v - ring of magical power
MPRegen  0.28/turn              F - ring of Feunaf {rPois rF+}

@: about to teleport, wreathed by umbra, very quick
A: very small, unfitting armour, see invisible, deterioration 1, herbivore,
speed 3, slow metabolism 2
a: Shadow Step, Shadow Form, Renounce Religion


You were on level 1 of the Elven Halls.
You worshipped Dithmenos.
Dithmenos was exalted by your worship.
You were very hungry.

You visited 8 branches of the dungeon, and saw 32 of its levels.
You also visited: Sewer and Wizlab.

You collected 2842 gold pieces.
You spent 1092 gold pieces at shops.

Inventory:

Hand Weapons
 b - a +5 dagger of electrocution (weapon)
Missiles
 J - 9 curare-tipped darts (quivered)
 P - 11 datura-tipped darts
Armour
 a - a +2 buckler (worn)
 n - a +1 hat (worn)
 G - the cursed +1 robe "Xoekoic" (worn) {rC+ Regen+ Int+3}
   (You bought it in a shop on level 2 of the Orcish Mines)

   It affects your intelligence (+3).
   It protects you from cold.
   It increases your rate of regeneration.
   It has a curse placed upon it.
 L - the +3 cloak of Negligence (worn) {rElec Str+4}
   (You found it in a wizard's laboratory)

   It affects your strength (+4).
   It insulates you from electricity.
Jewellery
 v - a ring of magical power (left hand)
 A - a +3 amulet of reflection (around neck)
 F - the ring of Feunaf (right hand) {rPois rF+}
   (You found it on level 4 of the Lair of Beasts)

   [ring of poison resistance]

   It protects you from fire.
   It protects you from poison.
 T - the amulet of the Four Winds {rN+ MR+++ Clar}
   (You bought it in a shop on level 11 of the Dungeon)

   [amulet of nothing]

   It protects you from negative energy.
   It affects your resistance to hostile enchantments.
   It protects you against confusion.
 Y - an uncursed ring of protection from cold
Wands
 p - a wand of enslavement (8)
 x - a wand of flame (44)
 z - a wand of polymorph (21)
 N - a wand of digging (15)
 O - a wand of disintegration (5)
 Q - a wand of paralysis (9)
Scrolls
 h - 2 scrolls of immolation
 i - 3 scrolls of amnesia
 j - 8 scrolls of remove curse
 l - a scroll of summoning {unknown}
 o - a scroll of vulnerability {unknown}
 s - 2 scrolls of fog
 w - 2 scrolls of fear
 y - a scroll of identify
 B - a scroll of acquirement {unknown}
 D - 8 scrolls of magic mapping
 I - a scroll of torment {unknown}
 K - 5 scrolls of silence
 R - a scroll of holy word {unknown}
 V - 2 scrolls of enchant armour
 W - 3 scrolls of blinking
 X - 19 scrolls of teleportation
Potions
 c - 9 potions of lignification
 e - 4 potions of ambrosia
 f - 5 potions of might
 g - 11 potions of curing
 k - 3 potions of agility
 q - 11 potions of flight
 r - 5 potions of invisibility
 t - 5 potions of heal wounds
 u - 3 potions of magic
 C - 6 potions of haste
 E - 3 potions of mutation
 M - a potion of resistance {unknown}
Miscellaneous
 m - a box of beasts
Comestibles
 d - 8 rations


   Skills:
 + Level 9.1 Fighting
 - Level 10.5 Short Blades
 - Level 18.8 Dodging
 - Level 19.0 Stealth
 - Level 7.2 Shields
 * Level 12.3 Spellcasting
 - Level 2.7 Conjurations
 - Level 12.5 Hexes
 + Level 9.5 Translocations
 - Level 4.5 Transmutations
 - Level 9.8 Earth Magic
 - Level 2.9 Invocations
 - Level 5.6 Evocations


You had 4 spell levels left.
You knew the following spells:

 Your Spells              Type           Power        Failure   Level  Hunger
b - Ensorcelled Hibernat  Hex/Ice        #####.       1%          2    None
c - Tukima's Dance        Hex            ######..     1%          3    None
d - Confuse               Hex            ######..     1%          3    None
e - Passwall              Tmut/Erth      #####...     1%          2    None
f - Stone Arrow           Conj/Erth      #####.       1%          3    None
g - Lee's Rapid Deconstr  Erth           ######....   2%          5    ###....
h - Yara's Violent Unrav  Hex/Tmut       ######....   3%          5    ###....
i - Apportation           Tloc           ######       1%          1    None
j - Invisibility          Hex            ######..     4%          6    #####..
k - Passage of Golubria   Tloc           N/A          1%          4    None
l - Blink                 Tloc           N/A          1%          2    None

Your spell library contained the following spells:

 Spells                   Type           Power        Failure   Level  Hunger
 Corona                   Hex            ######.      1%          1    None
 Sandblast                Erth           ######       1%          1    None
 Shroud of Golubria       Chrm/Tloc      #####.       1%          2    None
 Dazzling Spray           Conj/Hex       #####.       1%          3    None
 Lesser Beckoning         Tloc           ######....   1%          3    None
 Portal Projectile        Hex/Tloc       ######       1%          3    None
 Recall                   Summ/Tloc      N/A          1%          3    None
 Teleport Other           Tloc           ######..     1%          3    None
 Cause Fear               Hex            ######....   1%          4    None
 Petrify                  Tmut/Erth      #####...     2%          4    None
 Force Lance              Conj/Tloc      #####...     3%          4    None
 Summon Butterflies       Summ           ##......     4%          1    None
 Call Canine Familiar     Summ           ##......     14%         3    None
 Summon Ice Beast         Ice/Summ       ##......     41%         4    None
 Silence                  Hex/Air        #####.....   10%         5    ###....
 Summon Mana Viper        Hex/Summ       #####...     10%         5    ###....
 Summon Forest            Summ/Tloc      #####.....   17%         5    ###....
 Alistair's Intoxication  Tmut/Pois      ###.....     43%         5    ###....
 Aura of Abjuration       Summ           ##........   77%         5    ###....
 Summon Demon             Summ           ##........   77%         5    ###....
 Discord                  Hex            ######....   86%         8    #######
 Malign Gateway           Summ/Tloc      #####.....   99%         7    ######.
 Controlled Blink         Tloc           N/A          99%         8    #######
 Disjunction              Tloc           ######....   99%         8    #######
 Deflect Missiles         Chrm/Air       ##........   100%        6    #####..
 Shadow Creatures         Summ           N/A          100%        6    #####..
 Summon Hydra             Summ           ##........   100%        7    ######.


Dungeon Overview and Level Annotations

Branches:
Dungeon (15/15)            Temple (1/1) D:5            Lair (6/6) D:10
 Shoals (2/4) Lair:3        Snake (3/4) Lair:2        Slime (0/5) Lair:5
    Orc (2/2) D:12            Elf (1/3) Orc:2        Vaults (0/5) D:14
 Depths (2/5) D:15          Sewer (visited)          WizLab (visited)

Altars:
Ashenzari
Cheibriados
Dithmenos
Elyvilon
Fedhas
Gozag
Hepliaklqana
Kikubaaqudgha
Makhleb
Nemelex Xobeh
Okawaru
Qazlal
Ru
Sif Muna
Trog
Uskayaw
Vehumet
Wu Jian
Xom
Yredelemnul
Zin
The Shining One
Beogh

Shops:
D:4 }   D:5 :   D:6 (   D:11 *}=}   Orc:2 [[[!   Shoals:1 =   Snake:1 *
Snake:2 [

Portals:
Hell: Depths:1 Depths:2
Abyss: Depths:1 Depths:2
Pandemonium: Depths:1

Annotations:
D:14 exclusion: oklob plant
Lair:2 1 runed translucent door, exclusion: oklob plant, EmberCloud's ghost, journeyman DsBe
Snake:2 1 transporter, Saint Roka; Vashnia
Snake:3 Asterion
Elf:1 6 runed translucent doors
Depths:1 1 runed translucent door, Caat Rau's ghost, adept DgCj


Innate Abilities, Weirdness & Mutations

You are very small and have problems with some larger weapons.
You are too small for most types of armour.
You have supernaturally acute eyesight. (SInv)
You are a herbivore.
You cover ground extremely quickly.
You need to consume almost no food.
Your body sometimes deteriorates upon taking damage.


Message History

The deep elf mage shouts!
The deep elf knight shouts!
The deep elf high priest shouts! x2; The deep elf elementalist shouts!
The orc priest looks satisfied for a moment.
The deep elf archer unwields a +1 short sword of venom.
It stops dripping with poison.
The deep elf archer wields a +0 longbow.
The deep elf archer shoots an arrow.
You reflect the arrow off an invisible shield around you!
The arrow hits the deep elf archer!
The deep elf high priest mumbles some strange prayers to its god.
The deep elf high priest begins emitting a brilliant aura!
The deep elf mage is empowered by the deep elf high priest's aura!
The deep elf archer is empowered by the deep elf high priest's aura!
The deep elf mage is empowered by the deep elf high priest's aura!
The deep elf knight is empowered by the deep elf high priest's aura! x2
The orc wizard is empowered by the deep elf high priest's aura!
The deep elf elementalist is empowered by the deep elf high priest's aura!
The deep elf mage is empowered by the deep elf high priest's aura!
A deep elf death mage comes into view. It is wielding a +0 long sword.
The orc completely misses you.
The deep elf mage mumbles some strange words.
The deep elf mage blinks!
The deep elf knight shouts!
The deep elf high priest shouts!
Casting: Lee's Rapid Deconstruction (safe; 2% risk of failure)
Confirm with . or Enter, or press ? or * to list all spells.
Aiming: Lee's Rapid Deconstruction (safe; 2% risk of failure)
Press: ? - help, Dir - move target cursor A rock wall.
This square is wreathed by an umbra.
The wall shatters!
The blast of rock fragments hits the orc warrior!
The orc warrior is moderately wounded.
The blast of rock fragments hits the water elemental!!
The water elemental is heavily damaged.
The blast of rock fragments hits the orc warrior but does no damage.
The orc warrior is moderately wounded.
The blast of rock fragments hits the orc knight.
The orc knight is lightly wounded.
You hear a deafening roar! x2
The deep elf mage gestures wildly while chanting.
The deep elf mage conjures a globe of magical energy!
The deep elf mage is empowered by the deep elf high priest's aura!
The deep elf death mage is empowered by the deep elf high priest's aura!
The deep elf high priest mumbles some strange prayers to its god against you.
The sphere of damnation explodes!
The damnation engulfs you!!
The damnation engulfs the orc!!
The orc dies!
The deep elf knight shouts!
The deep elf high priest shouts!
The deep elf knight shouts!
You hear a shout!
The deep elf archer shouts!
A battlesphere comes into view.
The orc knight roars a battlecry!
The orcs go into a battle-frenzy!
The deep elf death mage beckons forth a restless soul!
The orc priest looks satisfied for a moment.
The deep elf elementalist gestures wildly while chanting.
The deep elf elementalist seems to speed up.
The deep elf knight gestures wildly while chanting.
The deep elf knight seems to speed up.
The battlesphere moves out of view.
There is a large open door here.
The orc dies! x2
The winds around the air elemental start to calm down.
The deep elf mage mumbles some strange words.
The deep elf mage blinks!
The deep elf high priest shouts!
You hear a shout! x2
The orc wizard seems less brilliant.
The orc wizard is empowered by something's aura!
The deep elf elementalist is empowered by something's aura!
The deep elf death mage is empowered by something's aura!
Some walls begin to move on their own!
Some walls begin to move on their own!
The deep elf mage mumbles some strange words.
The deep elf mage blinks!
Some walls begin to move on their own!
The deep elf high priest utters an invocation to its god.
The corpses begin to drag themselves along the ground!
The orc priest mumbles some strange prayers to Beogh against you.
Beogh smites you!
The orc wizard mumbles some strange words.
The orc wizard seems to speed up.
You hear a shout! 3 crawling corpses come into view.
The deep elf knight seems less brilliant.
The orc priest casts a cantrip, but nothing happens.
The deep elf archer blinks!
The crawling corpse moves out of view.
The deep elf archer seems less brilliant.
The deep elf knight seems less brilliant.
The orc wizard seems less brilliant.
The deep elf archer seems less brilliant.
The deep elf elementalist seems less brilliant.
The deep elf mage seems less brilliant.
The deep elf death mage seems less brilliant.
The orc wizard casts a cantrip, but nothing happens.
The deep elf high priest utters an invocation to its god.
The deep elf high priest begins emitting a brilliant aura!
The deep elf archer is empowered by the deep elf high priest's aura!
The deep elf knight is empowered by the deep elf high priest's aura! x2
The orc wizard is empowered by the deep elf high priest's aura!
The deep elf archer is empowered by the deep elf high priest's aura!
The deep elf mage is empowered by the deep elf high priest's aura!
The deep elf elementalist is empowered by the deep elf high priest's aura!
The deep elf mage is empowered by the deep elf high priest's aura!
The deep elf death mage is empowered by the deep elf high priest's aura!
There is an open door here.
Some walls begin to move on their own!
There is an open door here.
There is a staircase back to the Mines here.
You hear rumbling.
Casting: Lee's Rapid Deconstruction (safe; 2% risk of failure)
Confirm with . or Enter, or press ? or * to list all spells.
Aiming: Passwall (safe; 1% risk of failure)
Press: ? - help, Dir - move target cursor A rock wall.
This square is wreathed by an umbra.
This rock feels extremely deep.
A vortex of raging winds appears around the air elemental!
You open the door. You block the air elemental's attack.
There is an open door here.
The air elemental closely misses you.
You open the door.
A dancing weapon and 2 deep elf magi come into view.
There is a +1 halberd of chopping.
The vortex of raging winds lifts you up.
You fly up into the air.
The winds around the air elemental start to calm down.
You block the air elemental's attack.
The air elemental hits you but does no damage.
The deep elf mage shouts!
Found a whip.
Found a stone staircase leading down.
A water elemental comes into view.
The deep elf mage shouts!
The deep elf mage casts a spell.
The deep elf mage blinks!
The air elemental hits you but does no damage.
Found a potion of heal wounds.
There is an open door here.
Found a falchion and a chain mail.
The air elemental completely misses you.
You float gracefully downwards.
The deep elf mage casts a spell.
The deep elf mage blinks!
The air elemental barely misses you.
The deep elf mage mumbles some strange words.
The air elemental completely misses you.
The deep elf mage casts a spell at you. The sticky flame misses you.
The air elemental completely misses you.
You block the air elemental's attack.
The deep elf knight shouts!
The deep elf mage casts a spell at you. The bolt of fire misses you.
You block the air elemental's attack.
You open the door.
The air elemental completely misses you. x2
You block the air elemental's attack.
There is an open door here.
The air elemental hits you!
Found a quarterstaff.
Throwing (i - inventory. (/) - cycle)
J - 9 curare-tipped darts (quivered)
Press: ? - help, Shift-Dir - straight line, f - deep elf knight
Aim: a deep elf knight, wielding a +0 short sword and wearing a +0 chain mail (umbra)
Okay, then.
As you read the scroll of teleportation, it crumbles to dust.
You feel strangely unstable.
The air elemental completely misses you. x2
The deep elf knight casts a spell at you.
The stone arrow misses you.
The air elemental completely misses you.
The deep elf mage mumbles some strange words.
The deep elf mage blinks!
You block the air elemental's attack.
Found 12 gold pieces.
The deep elf archer shouts!
The deep elf knight shouts!
The deep elf mage shouts!
You hear a shout!
The deep elf mage mumbles some strange words.
The deep elf mage blinks!
You block the air elemental's attack.
Your surroundings suddenly seem different.
As you read the scroll of teleportation, it crumbles to dust.
You feel strangely unstable.
The deep elf mage seems less brilliant. x2
The deep elf knight seems less brilliant. x2
The orc wizard seems less brilliant.
The deep elf archer seems less brilliant.
The deep elf elementalist seems less brilliant.
The deep elf death mage seems less brilliant.
The deep elf high priest utters an invocation to its god.
The deep elf high priest begins emitting a brilliant aura!
The deep elf mage is empowered by the deep elf high priest's aura! x2
The deep elf knight is empowered by the deep elf high priest's aura! x2
The orc wizard is empowered by the deep elf high priest's aura!
The deep elf archer is empowered by the deep elf high priest's aura!
The deep elf elementalist is empowered by the deep elf high priest's aura!
The deep elf death mage is empowered by the deep elf high priest's aura!
The orc wizard begins to cast a cantrip, but forgets the words!
The deep elf knight casts a spell.
The deep elf knight flickers and vanishes for a moment.
The deep elf death mage hits you with a +0 long sword!
The deep elf elementalist points at you and mumbles some strange words.
Some walls begin to move on their own!
The deep elf high priest mumbles some strange prayers to its god against you.
The sphere of damnation explodes!
The damnation engulfs you!!!
You die...

#.#...E88.88#88+
......#
#.#...'...e....+.
.....#
#.#...'oeoe*ee.+
.....#
#+#...#)[#e.#[:###
...#
..##..')e.e$o..$8#
..##
....##.'...e$eE.(8
.....###..#..#$)###
..... .'..$...e.+D#
#...+ .'......@E+D#
.#88#88.88+.#
############


You could see a shadow dragon (wandering), an ice dragon (wandering), a deep elf
death mage, a deep elf elementalist, 2 deep elf knights, 3 deep elf high
priests, 2 earth elementals, 3 deep elf magi, an orc warrior, an orc priest, an
orc wizard and a battlesphere.

Vanquished Creatures
  A lich (WizLab)
  2 tentacled starspawn (WizLab)
  An eldritch tentacle (WizLab)
  Kirke (Lair:6)
  A nagaraja (Snake:2)
  A fire giant (Depths:2)
  A frost giant (Depths:1)
  An orc warlord (Orc:1)
  2 very ugly things (Depths:2)
  4 stone giants
  A lorocyproca (WizLab)
  Snorg (D:11)
  Josephine (Orc:2)
  4 ettins
  A great orb of eyes (WizLab)
  5 fire dragons
  4 ogre magi
  2 naga warriors (Snake:2)
  3 rakshasas
  7 hydras
  Fannar (D:11)
  2 catoblepae
  3 vault guards (D:14)
  2 ice dragons (Depths:2)
  An alligator snapping turtle (Shoals:1)
  14 two-headed ogres
  3 anacondas
  Erica (D:11)
  A merfolk avatar (Shoals:1)
  3 centaur warriors
  3 death yaks (Lair:6)
  2 vampire magi (Depths:1)
  6 tengu warriors
  An orc high priest (Orc:1)
  2 deep troll earth magi
  3 deep troll shamans
  A naga sharpshooter (Snake:2)
  3 shock serpents
  2 skeletal warriors
  7 sea snakes (Shoals:1)
  A sixfirhy (WizLab)
  4 unseen horrors
  A lindwurm (Lair:6)
  8 deep trolls
  An obsidian statue (WizLab)
  2 glowing orange brains (Depths:1)
  A naga ritualist (Snake:3)
  5 wizards
  10 harpies
  An anaconda skeleton (WizLab)
  6 deep elf magi
  7 mana vipers
  An orc knight (D:13)
  A wolf spider (D:15)
  13 ugly things
  5 cyclopes
  A worldbinder (WizLab)
  4 fauns (Shoals:1)
  2 orc sorcerers (Orc:1)
  4 manticores
  3 salamanders
  8 elephants
  3 water nymphs (Shoals:1)
  2 centaur zombies
  14 black mambas
  3 merfolk sirens (Shoals:1)
  Maurice (D:11)
  A torpor snail (Lair:6)
  3 naga magi
  An orange demon (WizLab)
  A gargoyle (D:12)
  8 spiny frogs
  5 spectral swamp worms (Depths:2)
  A komodo dragon (Lair:4)
  3 efreet
  4 kobold demonologists
  3 rime drakes
  5 yaktaurs (Depths:1)
  2 freezing wraiths
  A demonspawn skeleton (WizLab)
  12 trolls
  2 tengu conjurers
  A hellwing (WizLab)
  3 meliai (D:14)
  A dancing weapon (Snake:2)
  2 wind drakes (Shoals:1)
  5 hornets
  4 merfolk (Shoals:1)
  A polar bear (Lair:6)
  16 blink frogs
  5 snapping turtles
  9 dream sheep (Lair:6)
  7 slime creatures
  2 meliai zombies
  13 hippogriffs
  A vampire (D:11)
  2 wyverns
  A ynoxinul (WizLab)
  A water elemental (Depths:1)
  2 humans (D:12)
  A basilisk (shapeshifter) (D:15)
  2 basilisks
  20 yaks
  A fire elemental (D:13)
  A hungry ghost (D:14)
  5 hogs (Lair:6)
  A chaos spawn (Depths:1)
  6 wraiths
  2 steam dragons (D:6)
  2 spatial vortices (WizLab)
  3 vampire mosquitoes
  2 soldier ants
  7 large abominations (Depths:1)
  7 nagas
  An acid dragon (D:14)
  7 water moccasins
  2 wargs (Orc:2)
  A gelid demonspawn skeleton (WizLab)
  Duvessa (D:4)
  5 porcupines
  7 orc warriors
  A black bear (D:10)
  4 ice beasts
  4 sky beasts
  2 phantoms
  4 necrophages
  7 wolves
  19 ogres
  A boggart (WizLab)
  11 centaurs
  4 small abominations (Depths:1)
  6 crocodiles
  4 big kobolds
  18 bullfrogs
  A human skeleton (WizLab)
  Dowan (D:4)
  3 wyvern skeletons
  9 scorpions
  5 killer bees
  5 wights
  5 electric eels
  4 howler monkeys
  A lava snake (D:13)
  7 crimson imps
  16 jellies
  12 orc priests
  Crazy Yiuf (D:5)
  8 hounds
  27 orc wizards
  3 bullfrog skeletons
  6 centaur skeletons
  4 iguanas
  14 worker ants
  A killer bee zombie (D:8)
  2 hound skeletons
  7 gnolls
  10 adders
  A shadow imp (D:8)
  2 ufetubi (WizLab)
  4 oozes
  3 adder skeletons
  5 worms
  6 dart slugs
  6 leopard geckos
  62 orcs
  5 ball pythons
  8 giant cockroaches
  5 goblins
  12 hobgoblins
  12 jackals
  18 kobolds
  4 quokkas
  15 bats
  7 frilled lizards
  A jackal skeleton (D:7)
  2 quokka skeletons
  6 rats
  A fungus (Lair:6)
  A starspawn tentacle (WizLab)
852 creatures vanquished.

Vanquished Creatures (collateral kills)
  A vault guard (D:14)
  A naga warrior (Snake:1)
  9 two-headed ogres
  Sonja (D:10)
  A deep elf knight (Orc:1)
  A large abomination (Depths:1)
  A salamander (Snake:1)
  3 trolls (Orc:2)
  2 nagas (Lair:2)
  4 orc warriors
  9 ogres
  6 wights (D:10)
  An orc priest (D:13)
  A centaur skeleton (D:10)
  7 orcs
48 creatures vanquished.

Vanquished Creatures (others)
  An ugly thing (Depths:2)
  A faun (Shoals:1)
  21 dancing weapons
  An orc priest (Snake:2)
  3 orcs (Elf:1)
  10 fungi
  7 plants
  5 starspawn tentacles (WizLab)
49 creatures vanquished.

Grand Total: 949 creatures vanquished

Notes
Turn   | Place    | Note
-------+----------+-------------------------------------------
     0 | D:1      | FessEmpty the Spriggan Enchanter began the quest for the
                  | Orb.
     0 | D:1      | Reached XP level 1. HP: 9/9 MP: 5/5
   110 | D:1      | Reached XP level 2. HP: 9/13 MP: 7/7
   233 | D:1      | Learned a level 2 spell: Ensorcelled Hibernation
   257 | D:1      | Reached skill level 5 in Stealth
   430 | D:1      | Reached XP level 3. HP: 16/16 MP: 8/8
  1107 | D:2      | Found an opulent altar of Gozag.
  1539 | D:2      | Found a radiant altar of Vehumet.
  1570 | D:2      | Reached XP level 4. HP: 21/21 MP: 10/10
  2287 | D:3      | Noticed an ogre
  2491 | D:3      | Reached skill level 6 in Stealth
  2960 | D:3      | Reached skill level 5 in Hexes
  2960 | D:3      | Reached XP level 5. HP: 24/24 MP: 12/12
  3128 | D:3      | Learned a level 3 spell: Tukima's Dance
  3132 | D:3      | Learned a level 3 spell: Confuse
  3881 | D:3      | Reached skill level 7 in Stealth
  3881 | D:3      | Reached XP level 6. HP: 28/28 MP: 6/14
  3952 | D:3      | Reached skill level 5 in Spellcasting
  4240 | D:4      | Noticed Dowan
  4252 | D:4      | Noticed Duvessa
  4480 | D:4      | Killed Duvessa
  4480 | D:4      | Reached XP level 7. HP: 24/32 MP: 2/15
  4649 | D:4      | Found a basalt altar of Yredelemnul.
  4677 | D:4      | Reached skill level 8 in Stealth
  4728 | D:4      | Found a glowing drain.
  4740 | Sewer    | Entered a sewer
  5770 | D:4      | Found Meyli's Gadget Shoppe.
  5812 | D:4      | Killed Dowan
  5938 | D:5      | Entered Level 5 of the Dungeon
  6219 | D:5      | Found a staircase to the Ecumenical Temple.
  6241 | Temple   | Entered the Ecumenical Temple
  6306 | Temple   | Became a worshipper of Dithmenos the Shadowed
  6364 | D:5      | Reached XP level 8. HP: 36/36 MP: 11/16
  6529 | D:5      | Found Rorufixe's Book Boutique.
  6571 | D:5      | Reached skill level 9 in Stealth
  6663 | D:5      | Found a white marble altar of Elyvilon.
  6829 | D:5      | Found a runed translucent door.
  6830 | D:5      | Noticed Crazy Yiuf
  6837 | D:5      | Killed Crazy Yiuf
  7287 | D:6      | Found Carghaomi's Weapon Shoppe.
  7416 | D:6      | Reached skill level 5 in Short Blades
  7771 | D:6      | Reached skill level 10 in Stealth
  8258 | D:7      | Reached XP level 9. HP: 39/39 MP: 17/17
  8605 | D:7      | Reached * piety under Dithmenos
  8756 | D:8      | Reached skill level 11 in Stealth
  9140 | D:8      | Reached skill level 10 in Hexes
  9156 | D:8      | Found a glowing silver altar of Zin.
  9292 | D:8      | Found an ornate altar of the Wu Jian Council.
  9407 | D:8      | Found a hide-covered altar of Uskayaw.
  9418 | D:8      | Found a shimmering blue altar of Sif Muna.
  9636 | D:8      | Reached ** piety under Dithmenos
  9636 | D:8      | Noticed a two-headed ogre
  9978 | D:8      | Killed a two-headed ogre
 10120 | D:8      | Reached skill level 12 in Stealth
 10646 | D:9      | Reached skill level 1 in Invocations
 10646 | D:9      | Reached XP level 10. HP: 44/44 MP: 18/18
 10822 | D:9      | Got a serpentine copper ring
 10854 | D:9      | Reached skill level 13 in Stealth
 11438 | D:9      | Reached *** piety under Dithmenos
 11587 | D:10     | Entered Level 10 of the Dungeon
 11725 | D:10     | Found a staircase to the Lair.
 11778 | D:10     | Reached skill level 5 in Dodging
 11870 | D:10     | Noticed an unseen horror
 11880 | D:10     | Killed an unseen horror
 12086 | D:10     | Noticed Sonja
 12490 | D:10     | Reached XP level 11. HP: 45/47 MP: 19/19
 12984 | D:10     | Killed Sonja
 12984 | D:10     | Reached skill level 14 in Stealth
 13272 | D:11     | Noticed a two-headed ogre
 13297 | D:11     | Killed a two-headed ogre
 13370 | D:11     | Noticed Erica
 13373 | D:11     | Killed Erica
 13449 | D:11     | Noticed Fannar
 13470 | D:11     | Noticed Maurice
 13472 | D:11     | Killed Maurice
 13794 | D:12     | Noticed a deep elf mage
 13954 | D:12     | Reached skill level 1 in Evocations
 14019 | D:12     | Reached **** piety under Dithmenos
 14019 | D:12     | Reached skill level 1 in Fighting
 14117 | D:12     | Killed a deep elf mage
 14117 | D:12     | Reached skill level 10 in Short Blades
 14128 | D:12     | Found an iron altar of Okawaru.
 14148 | D:12     | Noticed a purple ugly thing
 14155 | D:12     | Reached skill level 10 in Dodging
 14220 | D:12     | Killed a purple ugly thing
 14424 | D:12     | Noticed an unseen horror
 14431 | D:12     | Killed an unseen horror
 14474 | D:12     | Noticed a two-headed ogre
 14506 | D:12     | Killed a two-headed ogre
 14533 | D:12     | Found a staircase to the Orcish Mines.
 14563 | D:13     | Noticed a centaur warrior
 14596 | D:13     | Reached XP level 12. HP: 51/54 MP: 22/22
 14601 | D:13     | Noticed a two-headed ogre
 14616 | D:13     | Killed a two-headed ogre
 14616 | D:13     | Reached skill level 15 in Stealth
 14636 | D:13     | Lost strength.
 14636 | D:13     | Identified the ring of the Solstice {*Tele rElec MR+++
                  | Str-5 Stlth+} (You found it on level 9 of the Dungeon)
 14684 | D:13     | Noticed a two-headed ogre
 14693 | D:13     | Killed a two-headed ogre
 14795 | D:13     | You fall into a shaft and drop 1 floor!
 14851 | D:13     | Killed a centaur warrior
 15036 | D:13     | Learned a level 2 spell: Passwall
 15040 | D:13     | Learned a level 3 spell: Stone Arrow
 15046 | D:13     | Learned a level 5 spell: Lee's Rapid Deconstruction
 15052 | D:13     | Learned a level 5 spell: Yara's Violent Unravelling
 15101 | D:13     | Reached skill level 1 in Transmutations
 15245 | D:13     | Noticed a centaur warrior
 15252 | D:13     | Killed a centaur warrior
 15252 | D:13     | Reached skill level 1 in Earth Magic
 15602 | D:13     | Learned a level 1 spell: Apportation
 15896 | D:13     | Reached skill level 1 in Translocations
 15988 | D:14     | Noticed a two-headed ogre
 15993 | D:14     | Killed a two-headed ogre
 16020 | D:14     | Reached skill level 1 in Conjurations
 16029 | D:14     | Reached ***** piety under Dithmenos
 16314 | D:14     | Found a gate to the Vaults.
 16314 | D:14     | Noticed a vault guard
 16314 | D:14     | Noticed a vault guard
 16314 | D:14     | Noticed a vault guard
 16315 | D:14     | Noticed a vault guard
 16464 | D:14     | Killed a vault guard
 16464 | D:14     | Reached XP level 13. HP: 51/61 MP: 26/26
 16538 | D:14     | Reached skill level 16 in Stealth
 17212 | D:15     | Entered Level 15 of the Dungeon
 17650 | D:15     | Noticed a dire elephant
 17921 | D:15     | Found a staircase to the Depths.
 18213 | D:11     | Found Beocs's Jewellery Emporium.
 18228 | D:11     | Bought the amulet of the Four Winds {rN+ MR+++ Clar} for
                  | 614 gold pieces
 18228 | D:11     | Found the amulet of the Four Winds {rN+ MR+++ Clar}
 18244 | D:11     | Found Lubakh's Gadget Shop.
 18301 | D:11     | Found Guomyode's Assorted Antiques.
 18408 | D:11     | Killed Fannar
 18467 | D:11     | Found Kuxzicis's Gadget Emporium.
 18521 | D:11     | Noticed Snorg
 18526 | D:11     | Killed Snorg
 18826 | Lair:1   | Entered Level 1 of the Lair of Beasts
 18871 | Lair:1   | Reached skill level 5 in Fighting
 18970 | Lair:1   | Reached skill level 5 in Earth Magic
 19509 | Lair:2   | Found a staircase to the Snake Pit.
 19650 | Lair:2   | Found a runed translucent door.
 19651 | Lair:2   | Identified the +7 trident of Karma {speed, rN+ MR- Stlth+}
 19652 | Lair:2   | Noticed EmberCloud's ghost (journeyman DsBe)
 19966 | Lair:2   | Found a blossoming altar of Fedhas.
 20554 | Lair:3   | Found a staircase to the Shoals.
 21250 | Lair:3   | Reached XP level 14. HP: 44/68 MP: 26/28
 21260 | Lair:3   | Learned a level 6 spell: Invisibility
 21367 | Lair:3   | Found a glowing silver altar of Zin.
 21640 | Lair:3   | Got a twisted robe
 21651 | Lair:3   | Identified the +0 robe of Tyryus {+Blink rC+ Int+3} (You
                  | found it on level 3 of the Lair of Beasts)
 21845 | Lair:4   | Reached skill level 5 in Evocations
 21987 | Lair:4   | Got a scintillating marble ring
 22232 | Lair:4   | Reached skill level 17 in Stealth
 22574 | Lair:5   | Identified the ring of Feunaf {rPois rF+} (You found it on
                  | level 4 of the Lair of Beasts)
 22619 | Lair:5   | Found a staircase to the Slime Pits.
 22828 | Lair:5   | You fall into a shaft and drop 1 floor!
 22828 | Lair:6   | Entered Level 6 of the Lair of Beasts
 23941 | Lair:6   | Noticed Kirke
 23996 | Lair:6   | Killed Kirke
 24997 | Orc:1    | Entered Level 1 of the Orcish Mines
 25419 | Orc:1    | Noticed an orc warlord
 25499 | Orc:1    | Gained mutation: Your body sometimes deteriorates upon
                  | taking damage. [mutagenic glow]
 25824 | Orc:1    | Killed an orc warlord
 25852 | Orc:1    | Reached skill level 18 in Stealth
 25967 | Orc:2    | Entered Level 2 of the Orcish Mines
 25967 | Orc:2    | Found a staircase to the Elven Halls.
 26028 | Orc:2    | Noticed a stone giant
 26032 | Orc:2    | Killed a stone giant
 26276 | Orc:2    | Found a roughly hewn altar of Beogh.
 26280 | Orc:2    | Found Wejos's Antique Armour Shop.
 26281 | Orc:2    | Found Setos's Antique Armour Boutique.
 26299 | Orc:2    | Noticed Josephine
 26322 | Orc:2    | Reached XP level 15. HP: 54/74 MP: 6/29
 26577 | Orc:2    | Reached skill level 15 in Dodging
 27679 | Snake:1  | Entered Level 1 of the Snake Pit
 28417 | Snake:1  | Found Hefuthrah's Assorted Antiques.
 28875 | Snake:2  | Noticed a nagaraja
 28989 | Snake:2  | Found Uppurr's Armour Shoppe.
 29000 | Snake:2  | Bought a +2 buckler for 330 gold pieces
 29095 | Snake:2  | Noticed Vashnia
 29117 | Snake:2  | Found a transporter.
 29118 | Snake:2  | Noticed a nagaraja
 29159 | Snake:2  | Noticed a nagaraja
 29161 | Snake:2  | Noticed a nagaraja
 29163 | Snake:2  | Noticed a nagaraja
 29298 | Shoals:1 | Entered Level 1 of the Shoals
 29329 | Shoals:1 | Reached skill level 1 in Shields
 29717 | Shoals:1 | Found Raviawk's Jewellery Emporium.
 29993 | Shoals:1 | Reached skill level 10 in Spellcasting
 30601 | D:14     | Reached skill level 19 in Stealth
 31625 | Depths:1 | Entered Level 1 of the Depths
 31625 | Depths:1 | Found a runed translucent door.
 31625 | Depths:1 | Noticed Caat Rau's ghost (adept DgCj)
 31629 | Depths:1 | Found a shimmering altar of Xom.
 31662 | Depths:1 | Found a gateway to Hell.
 31714 | Depths:1 | Found a magical portal.
 31723 | WizLab   | Found a transporter.
 31726 | WizLab   | Found a corrupted altar of Lugonu.
 31728 | WizLab   | Noticed a tentacled starspawn
 31730 | WizLab   | Killed a tentacled starspawn
 31730 | WizLab   | Reached XP level 16. HP: 81/81 MP: 31/31
 31785 | WizLab   | Found a transporter.
 31805 | WizLab   | Found a transporter.
 31846 | WizLab   | Found a transporter.
 31848 | WizLab   | Noticed a tentacled starspawn
 31917 | WizLab   | Found a transporter.
 31917 | WizLab   | Found a transporter.
 31917 | WizLab   | Identified Golubria's Grimoire of Displacement
 31918 | WizLab   | Reached skill level 5 in Shields
 31949 | WizLab   | Learned a level 4 spell: Passage of Golubria
 31958 | WizLab   | Got an ichor-stained cloak
 31966 | WizLab   | Found a transporter.
 31968 | WizLab   | Found a transporter.
 31972 | WizLab   | Found a transporter.
 31979 | WizLab   | Identified Golubria's Guide on Dislocation
 31983 | WizLab   | Got an ichor-stained cloak
 32033 | WizLab   | Identified the +3 cloak of Negligence {rElec Str+4} (You
                  | found it in a wizard's laboratory)
 32043 | WizLab   | Identified the -2 cloak of Snakes and Ladders {+Blink Str-4
                  | Int+4 SInv} (You found it in a wizard's laboratory)
 32043 | WizLab   | Lost strength.
 32095 | WizLab   | Found a transporter.
 32125 | WizLab   | Noticed a lich
 32125 | WizLab   | Found a transporter.
 32125 | WizLab   | Found a transporter.
 32127 | WizLab   | Killed a lich
 32214 | WizLab   | Found a transporter.
 32253 | WizLab   | Killed a tentacled starspawn
 32340 | WizLab   | Found a transporter.
 32340 | WizLab   | Found a transporter.
 32399 | WizLab   | Found a transporter.
 32570 | WizLab   | Found a transporter.
 32570 | WizLab   | Found a transporter.
 32596 | WizLab   | Found a transporter.
 32596 | WizLab   | Found a transporter.
 33125 | Depths:1 | Found a one-way gate leading to the halls of Pandemonium.
 33542 | Depths:1 | Found a one-way gate to the infinite horrors of the Abyss.
 33672 | Depths:1 | Reached skill level 5 in Translocations
 33998 | Depths:2 | Reached ****** piety under Dithmenos
 34881 | Depths:2 | Reached XP level 17. HP: 86/86 MP: 32/32
 35274 | Depths:2 | Found a burning altar of Makhleb.
 35566 | Depths:1 | Upgraded the game from 0.24.0-29-g8ce449bc06 to
                  | 0.24.0-35-gdb84b6a5db
 36365 | Snake:2  | Noticed Saint Roka
 37003 | Snake:3  | Found a shimmering altar of Xom.
 37018 | Snake:3  | Noticed Asterion
 37346 | Orc:2    | Killed Josephine
 37755 | Orc:2    | Found Nuilac's Armour Shoppe.
 37761 | Orc:2    | Bought a steaming robe for 148 gold pieces
 37771 | Orc:2    | Identified the cursed +1 robe "Xoekoic" {rC+ Regen+ Int+3}
                  | (You bought it in a shop on level 2 of the Orcish Mines)
 37776 | Orc:2    | Learned a level 2 spell: Blink
 37779 | Orc:2    | Found Faonou's Distillery.
 38044 | Elf:1    | Entered Level 1 of the Elven Halls
 38068 | Elf:1    | Found a runed translucent gate.
 38068 | Elf:1    | Found a runed translucent gate.
 38068 | Elf:1    | Found a runed translucent gate.
 38068 | Elf:1    | Found a runed translucent gate.
 38068 | Elf:1    | Found a runed translucent gate.
 38118 | Elf:1    | Found a runed translucent gate.
 38120 | Elf:1    | Killed from afar by a deep elf high priest

Levels and vault maps discovered:
D:1:      lightli_arrival_farm, layout_basic
D:2:      layout_loops_cross, vehumet_crystals, overflow_temple_1_default,
          first_ration
D:3:      layout_loops_ring
D:4:      layout_loops_cross, lemuel_doored_altar, portal_sewer_entry_d,
          serial_shops, nicolae_shop_behind_doors, uniq_duvessa
D:5:      wander_river, layout_loops_corners, elyvilon_altar_3, temple_pool_b,
          serial_shops, shop, kennysheep_nondescript, uniq_crazy_yiuf_cottage
D:6:      cheibrodos_steamvent, layout_basic, serial_shops, shop
D:7:      layout_loops_corners
D:8:      minmay_clustersquares, layout_basic, nicolae_overflow_quartered_altars
D:9:      minmay_goldmine, layout_basic, hangedman_pestilent_swarm,
          minmay_unpleasant_kobolds
D:10:     layout_cave_pods, david_lair_generic, uniq_sonja
D:11:     layout_basic, serial_shops, shop, shop, kennysheep_mini_moat,
          nicolae_shop_waterfront, uniq_fannar, uniq_maurice, uniq_erica,
          uniq_snorg
D:12:     layout_cross, orc_0_dummy, okawaru_humans
D:13:     minmay_octagon_keep, layout_cave_pods, kennysheep_generic_room_2
D:14:     lemuel_slime, layout_gridville, lightli_vaults_fourway_checkpoint
D:15:     hangedman_depths_entry_try_elsewhere_first, layout_long_grid,
          minmay_door_square, grunt_ministairs_3
Temple:   zaba_magenta_temple
Lair:1:   layout_chaotic_city, lemuel_fruit_tree
Lair:2:   layout_regular_city, minmay_snake_entry_guardpost_medium,
          ebering_ghost_funeral_grove, tgw_fedhas, lemuel_fruit_fields,
          serial_bayou_shore_a
Lair:3:   layout_concentric_octagons, minmay_shoals_entry_hut, basic_altar,
          serial_bayou_shore_b
Lair:4:   layout_hall_layers, infiniplex_staircase_pool_2
Lair:5:   layout_hall_layers, minmay_slime_entry_jelly_boxes
Lair:6:   hangedman_lair_in_review, layout_loops_ring, uniq_kirke
Shoals:1: layout_shoals, serial_shops, shop,
          nicolae_shoals_siren_and_animal_friends
Shoals:2: layout_shoals
Snake:1:  layout_misc_corridors, serial_shops, nicolae_shop_stone
Snake:2:  gammafunk_sealed_library, layout_layer_cave, serial_shops,
          nicolae_shop_window_shopping, uniq_saint_roka, uniq_vashnia
Snake:3:  layout_onion, basic_altar, uniq_asterion
Orc:1:    layout_caves, serial_shops, shop, elf_legates
Orc:2:    st_orc_open, layout_diamond_mine, basic_altar, uniq_josephine
Elf:1:    layout_geoelf_octagon, orc_legates, uniq_roxanne
Depths:1: layout_gridville, gammafunk_ghost_grave, pf_hell_entry_great_geh,
          minmay_room_of_horrors, basic_altar, pan_entry, mu_enter_wizlab_3,
          serial_bayou_pond_b, hangedman_decor_clover_reticule, wad_dig_loot
Depths:2: minmay_the_grid_triangle_9x9_rhombus_full_mashed
          [minmay_the_grid_triangle_9x9_negative_grid,
          minmay_the_grid_triangle_9x9_corrupted_corridor,
          minmay_the_grid_triangle_9x9_alien,
          minmay_the_grid_triangle_9x9_skeleton,
          minmay_the_grid_triangle_9x9_impossible_snake,
          minmay_the_grid_triangle_9x9_shrine,
          minmay_the_grid_triangle_9x9_descending_squares,
          minmay_the_grid_triangle_9x9_prize_schism], layout_twisted_cross,
          pf_hell_entry_tar_river, hangedman_decor_opposing,
          abyss_entry_small_statue_room, infiniplex_staircase_zigzag_4,
          serial_bayou_shore_b

Skill      XL: |  1  2  3  4  5  6  7  8  9 10 11 12 13 14 15 16 17 |
---------------+----------------------------------------------------+-----
Spellcasting   | 3 4 5 6 8 9 10 12 | 12.3
Hexes          | 4 5 6 8 9 10 11 12 | 12.5
Stealth        | 5 6 7 8 10 12 13 14 15 16 18 19 | 19.0
Short Blades   | 2 3 4 6 8 9 10 | 10.5
Invocations    | 1 2 |  2.9
Dodging        | 6 10 12 13 14 16 18 | 18.8
Evocations     | 3 4 5 |  5.6
Fighting       | 2 4 5 6 7 8 9 |  9.1
Transmutations | 3 4 |  4.5
Earth Magic    | 2 5 8 9 |  9.8
Translocations | 2 3 7 9 |  9.5
Conjurations   | 1 2 |  2.7
Shields        | 4 7 |  7.2

Action                   |  1- 3 |  4- 6 |  7- 9 | 10-12 | 13-15 | 16-18 || total
-------------------------+-------+-------+-------+-------+-------+-------++-------
Melee: Dagger            |   114 |    76 |   434 |   560 |   771 |   337 ||  2292
Throw: Dart              |       |       |       |     2 |     1 |     6 ||     9
 Cast: Ensorcelled Hiber |    30 |    64 |    71 |    50 |   150 |    81 ||   446
       Confuse           |       |    17 |    20 |    62 |    74 |    21 ||   194
       Tukima's Dance    |       |     2 |     9 |    47 |    65 |    20 ||   143
       Passwall          |       |       |       |     4 |    14 |    16 ||    34
       Stone Arrow       |       |       |       |       |    92 |   105 ||   197
       Yara's Violent Un |       |       |       |       |     4 |       ||     4
       Lee's Rapid Decon |       |       |       |       |    29 |    13 ||    42
       Invisibility      |       |       |       |       |    11 |     3 ||    14
       Apportation       |       |       |       |       |       |     6 ||     6
Invok: Shadow Step       |       |       |       |     9 |     8 |     2 ||    19
 Abil: Evoke Blink       |       |       |       |       |     3 |     3 ||     6
Evoke: Wand              |       |       |       |       |    19 |       ||    19
  Use: Scroll            |       |     3 |     2 |     8 |    17 |     9 ||    39
       Potion            |       |       |     1 |     2 |       |     1 ||     4
 Stab: Sleeping          |    34 |    37 |    79 |    75 |   147 |    83 ||   455
       Confused          |       |     6 |    10 |    37 |    32 |    17 ||   102
       Distracted        |       |       |     2 |     7 |    11 |     4 ||    24
       Invisible         |       |       |       |       |    55 |     6 ||    61
  Eat: Ration            |       |     3 |     5 |     5 |    13 |     4 ||    30
Armor: Robe              |     7 |       |    21 |       |    22 |     9 ||    59
       Steam dragon scal |       |       |    27 |    44 |     5 |       ||    76
Dodge: Dodged            |    94 |    55 |   330 |   438 |   684 |   292 ||  1893
Block: Buckler           |       |       |       |       |    73 |   184 ||   257
       Reflection        |       |       |       |       |     3 |    17 ||    20
       Other             |       |       |       |       |     1 |       ||     1
